EBA
MANCHESTER METS @ MILAN SHAMROCKS
07/10/2111
 
TOP OF THE 1ST
Manchester Mets batting - Pitching for Milan Shamrocks : RHP Slavik Jaruev
Pitching: RHP Slavik Jaruev
Batting: RHB Robert Wigursky 0-0: Called Strike
0-1: Called Strike
0-2: Ball
1-2: Ball
2-2: Ground out 6-3 (Groundball, 6MS, EV 88.8 MPH)
Batting: LHB Anton Ledogorov 0-0: Called Strike
0-1: Foul Ball, location: 9LMF
0-2: Ball
1-2: Ball
2-2: Ball
3-2: Base on Balls
Batting: RHB Niek Wijnen 0-0: Foul Ball, location: 3SF
0-1: Swinging Strike
0-2: Ball
1-2: Ball
2-2: Grounds into double play, 4-6-3 (Groundball, 4, EV 98.8 MPH)
Top of the 1st over - 0 runs, 0 hits, 0 errors, 0 left on base; Manchester 0 - Milan 0
BOTTOM OF THE 1ST
Milan Shamrocks batting - Pitching for Manchester Mets : RHP Jáchym Suhaj
Pitching: RHP Jáchym Suhaj
Batting: LHB Vladik Getskin 0-0: Foul Ball, location: 5FF
0-1: Swinging Strike
0-2: Ball
1-2: Strikes out swinging
Batting: LHB Rody Leegwater 0-0: Swinging Strike
0-1: Ball
1-1: Ball
2-1: Swinging Strike
2-2: Foul Ball, location: 2F
2-2: Strikes out swinging
Batting: LHB Immanuil Sapega 0-0: Foul Ball, location: 9LSF
0-1: Ball
1-1: Ball
2-1: Ball
3-1: Base on Balls
Batting: RHB Phillipp Klug 0-0: Ball
1-0: Ball
2-0: Ball
3-0: Base on Balls
Immanuil Sapega to second
Batting: LHB Dionizy Lewandowicz 0-0: Ball
1-0: Ball
2-0: Ball
3-0: Base on Balls
Immanuil Sapega to third
Phillipp Klug to second
Batting: LHB Joos Miller 0-0: Called Strike
0-1: Called Strike
0-2: Ball
1-2: Ground out 5-3 (Groundball, 56S, EV 85.0 MPH)
Bottom of the 1st over - 0 runs, 0 hits, 0 errors, 3 left on base; Manchester 0 - Milan 0
TOP OF THE 2ND
Manchester Mets batting - Pitching for Milan Shamrocks : RHP Slavik Jaruev
Batting: LHB Constantin Gaman 0-0: DOUBLE (Flyball, 78XD, EV 95.0 MPH)
Batting: LHB Ronan Tanguy 0-0: Ball
1-0: Fly out, F8 (Flyball, 8LD, EV 101.3 MPH)
Batting: LHB Yashar Mammadov 0-0: Ball
1-0: Ball
2-0: Called Strike
2-1: Ground out 5-3 (Groundball, 56S, EV 65.0 MPH)
Batting: RHB Epco van Roosendaal 0-0: Ball
1-0: Ball
2-0: Foul Ball, location: 25F
2-1: Ground out 4-3 (Groundball, 4, EV 99.4 MPH)
Top of the 2nd over - 0 runs, 1 hit, 0 errors, 1 left on base; Manchester 0 - Milan 0
BOTTOM OF THE 2ND
Milan Shamrocks batting - Pitching for Manchester Mets : RHP Jáchym Suhaj
Batting: RHB Gabriel Koci 0-0: Called Strike
0-1: Called Strike
0-2: Ball
1-2: Ball
2-2: Fly out, F9 (Flyball, 9S, EV 86.9 MPH)
Batting: LHB Vassily Madaev 0-0: Foul Ball, location: 3F
0-1: Ball
1-1: Fly out, F8 (Flyball, 8RM, EV 85.0 MPH)
Batting: RHB Reginald Fisher 0-0: Called Strike
0-1: Ball
1-1: Ball
2-1: Foul Ball, location: 2F
2-2: Foul Ball, location: 5FF
2-2: SINGLE (Groundball, 3D, EV 110.0 MPH)
Batting: LHB Vladik Getskin 0-0: Ball
1-0: Ball
2-0: Ground out 6-3 (Groundball, P, EV 87.5 MPH)
Bottom of the 2nd over - 0 runs, 1 hit, 0 errors, 1 left on base; Manchester 0 - Milan 0
TOP OF THE 3RD
Manchester Mets batting - Pitching for Milan Shamrocks : RHP Slavik Jaruev
Batting: RHB Samvel Zhirova 0-0: Called Strike
0-1: Ball
1-1: Called Strike
1-2: Strikes out swinging
Batting: RHB Lorens Walfridsson 0-0: Called Strike
0-1: Called Strike
0-2: Ball
1-2: Ball
2-2: Ball
3-2: Strikes out swinging
Batting: RHB Robert Wigursky 0-0: Ball
1-0: Ball
2-0: Foul Ball, location: 7LSF
2-1: Ball
3-1: Foul Ball, location: 9LMF
3-2: Base on Balls
Batting: LHB Anton Ledogorov 0-0: Ball
Robert Wigursky is caught stealing 2nd base 2-6
Top of the 3rd over - 0 runs, 0 hits, 0 errors, 0 left on base; Manchester 0 - Milan 0
BOTTOM OF THE 3RD
Milan Shamrocks batting - Pitching for Manchester Mets : RHP Jáchym Suhaj
Batting: LHB Rody Leegwater 0-0: Ball
1-0: Ground out U3 (Groundball, 34S, EV 80.0 MPH)
Batting: LHB Immanuil Sapega 0-0: Swinging Strike
0-1: Ball
1-1: Ball
2-1: Swinging Strike
2-2: Fly out, F9 (Line Drive, 9, EV 90.6 MPH)
Batting: RHB Phillipp Klug 0-0: Foul Ball, location: 9LSF
0-1: Ball
1-1: Foul Ball, location: 5SF
1-2: Fly out, F8 (Flyball, 8RM, EV 88.8 MPH)
Bottom of the 3rd over - 0 runs, 0 hits, 0 errors, 0 left on base; Manchester 0 - Milan 0
TOP OF THE 4TH
Manchester Mets batting - Pitching for Milan Shamrocks : RHP Slavik Jaruev
Batting: LHB Anton Ledogorov 0-0: Ball
1-0: Foul Ball, location: 2F
1-1: Fly out, F8 (Flyball, 8RM, EV 83.8 MPH)
Batting: RHB Niek Wijnen 0-0: Foul Ball, location: 2F
0-1: Ball
1-1: Ball
2-1: Called Strike
2-2: Ground out 6-3 (Groundball, 6, EV 91.3 MPH)
Batting: LHB Constantin Gaman 0-0: Called Strike
0-1: Foul Ball, location: 5F
0-2: Strikes out swinging
Top of the 4th over - 0 runs, 0 hits, 0 errors, 0 left on base; Manchester 0 - Milan 0
BOTTOM OF THE 4TH
Milan Shamrocks batting - Pitching for Manchester Mets : RHP Jáchym Suhaj
Batting: LHB Dionizy Lewandowicz 0-0: Ball
1-0: Ball
2-0: Called Strike
2-1: Foul Ball, location: 7LMF
2-2: Strikes out looking
Batting: LHB Joos Miller 0-0: Ball
1-0: Ball
2-0: Swinging Strike
2-1: SINGLE (Line Drive, 7S, EV 108.1 MPH)
Batting: RHB Gabriel Koci 0-0: Foul Ball, location: 2F
0-1: Swinging Strike
0-2: Ball
1-2: Ball
2-2: Fielders Choice at 2nd, 6-4 (Groundball, 56, EV 81.9 MPH)
Batting: LHB Vassily Madaev 0-0: Ball
1-0: Called Strike
1-1: Swinging Strike
1-2: Ball
2-2: Strikes out swinging
Bottom of the 4th over - 0 runs, 1 hit, 0 errors, 1 left on base; Manchester 0 - Milan 0
TOP OF THE 5TH
Manchester Mets batting - Pitching for Milan Shamrocks : RHP Slavik Jaruev
Batting: LHB Ronan Tanguy 0-0: SINGLE (Groundball, 4MD, EV 107.5 MPH)
Batting: LHB Yashar Mammadov 0-0: Ball
1-0: Ball
2-0: Ball
3-0: Called Strike
3-1: Grounds into double play, 1-6-3 (Groundball, 13S, EV 66.9 MPH)
Batting: RHB Epco van Roosendaal 0-0: Called Strike
0-1: SINGLE (Groundball, 34D, EV 101.3 MPH) (infield hit)
Batting: RHB Samvel Zhirova 0-0: Ball
1-0: Ground out 4-3 (Groundball, 4, EV 81.9 MPH)
Top of the 5th over - 0 runs, 2 hits, 0 errors, 1 left on base; Manchester 0 - Milan 0
BOTTOM OF THE 5TH
Milan Shamrocks batting - Pitching for Manchester Mets : RHP Jáchym Suhaj
Batting: RHB Reginald Fisher 0-0: Foul Ball, location: 3SF
0-1: Ball
1-1: Swinging Strike
1-2: Strikes out swinging
Batting: LHB Vladik Getskin 0-0: Ground out 6-3 (Groundball, 6, EV 104.4 MPH)
Batting: LHB Rody Leegwater 0-0: Called Strike
0-1: Swinging Strike
0-2: Ball
1-2: Strikes out swinging
Bottom of the 5th over - 0 runs, 0 hits, 0 errors, 0 left on base; Manchester 0 - Milan 0
TOP OF THE 6TH
Manchester Mets batting - Pitching for Milan Shamrocks : RHP Slavik Jaruev
Batting: RHB Lorens Walfridsson 0-0: Swinging Strike
0-1: Called Strike
0-2: Ball
1-2: Ball
2-2: Strikes out swinging
Batting: RHB Robert Wigursky 0-0: Called Strike
0-1: Called Strike
0-2: SINGLE (Line Drive, 89S, EV 102.5 MPH)
Batting: LHB Anton Ledogorov 0-0: Foul Ball, location: 25F
0-1: SINGLE (Line Drive, 34D, EV 95.0 MPH)
Robert Wigursky to second
Runner from 2nd tries for 3rd, SAFE, throw by RF made to third
Batting: RHB Niek Wijnen 0-0: Called Strike
Anton Ledogorov is caught stealing 2nd base 2-4
0-1: Ball
1-1: 2-RUN HOME RUN (Flyball, 9D, EV 96.9 MPH), Distance : 375 ft
Batting: LHB Constantin Gaman 0-0: Hit by Pitch
Batting: LHB Ronan Tanguy 0-0: Called Strike
0-1: Foul Ball, location: 2F
0-2: Foul Ball, location: 2F
0-2: Foul Ball, location: 7LDF
0-2: Ball
1-2: Ball
2-2: Ball
3-2: Foul Ball, location: 5FF
3-2: Foul Ball, location: 7LSF
3-2: Strikes out swinging
Top of the 6th over - 2 runs, 3 hits, 0 errors, 1 left on base; Manchester 2 - Milan 0
BOTTOM OF THE 6TH
Milan Shamrocks batting - Pitching for Manchester Mets : RHP Jáchym Suhaj
Batting: LHB Immanuil Sapega 0-0: Ball
1-0: Called Strike
1-1: Ball
2-1: Foul Ball, location: 2F
2-2: Ground out 4-3 (Groundball, 4M, EV 81.3 MPH)
Batting: RHB Phillipp Klug 0-0: Called Strike
0-1: Ball
1-1: Ground out 4-3 (Groundball, 4, EV 81.3 MPH)
Batting: LHB Dionizy Lewandowicz 0-0: Foul Ball, location: 25F
0-1: Ball
1-1: Ball
2-1: Fly out, F8 (Flyball, 89S, EV 88.1 MPH)
Bottom of the 6th over - 0 runs, 0 hits, 0 errors, 0 left on base; Manchester 2 - Milan 0
TOP OF THE 7TH
Manchester Mets batting - Pitching for Milan Shamrocks : RHP Slavik Jaruev
Pitching: RHP Vladimir Jevtic
Batting: LHB Yashar Mammadov 0-0: Called Strike
0-1: Swinging Strike
0-2: Strikes out swinging
Batting: RHB Epco van Roosendaal 0-0: Called Strike
0-1: Foul Ball, location: 2F
0-2: Ground out 5-3 (Groundball, 5S, EV 78.1 MPH)
Batting: RHB Samvel Zhirova 0-0: Ball
1-0: Swinging Strike
1-1: SINGLE (Line Drive, 6D, EV 94.4 MPH)
Batting: RHB Lorens Walfridsson 0-0: Called Strike
0-1: Ball
1-1: Called Strike
1-2: Strikes out swinging
Top of the 7th over - 0 runs, 1 hit, 0 errors, 1 left on base; Manchester 2 - Milan 0
BOTTOM OF THE 7TH
Milan Shamrocks batting - Pitching for Manchester Mets : RHP Jáchym Suhaj
Batting: LHB Joos Miller 0-0: Called Strike
0-1: Ball
1-1: Called Strike
1-2: Foul Ball, location: 5FF
1-2: Foul Ball, location: 7LMF
1-2: Ball
2-2: Fly out, F8 (Flyball, 8RM, EV 98.1 MPH)
Pinch Hitting: LHB Tad Keane 0-0: Ground out 6-3 (Groundball, 6, EV 88.8 MPH)
Batting: LHB Vassily Madaev 0-0: Foul Ball, location: 2F
0-1: Ball
1-1: Foul Ball, location: 7LDF
1-2: Ball
2-2: Foul Ball, location: 7LMF
2-2: Foul Ball, location: 7LMF
2-2: Foul Ball, location: 7LSF
2-2: Foul Ball, location: 9LDF
2-2: Foul Ball, location: 25F
2-2: Reached on error, E4 (Groundball, 34, EV 84.4 MPH)
Pitching: RHP Rami Karjalainen
Batting: RHB Reginald Fisher 0-0: Ball
1-0: Foul Ball, location: 2F
1-1: Called Strike
1-2: Ball
2-2: Foul Ball, location: 5F
2-2: Fly out, F8 (Flyball, 8RD, EV 93.8 MPH)
Bottom of the 7th over - 0 runs, 0 hits, 1 error, 1 left on base; Manchester 2 - Milan 0
TOP OF THE 8TH
Manchester Mets batting - Pitching for Milan Shamrocks : RHP Vladimir Jevtic
Pitching: RHP Valentin Sima
Now at 2B: Mishe Zapatrin
Now at 3B: Joos Miller
Batting: RHB Robert Wigursky 0-0: Ball
1-0: Ball
2-0: Called Strike
2-1: Fly out, F7 (Flyball, 78M, EV 95.6 MPH)
Batting: LHB Anton Ledogorov 0-0: Called Strike
0-1: SINGLE (Line Drive, 8LS, EV 104.4 MPH)
Batting: RHB Niek Wijnen 0-0: Ball
Anton Ledogorov steals 2nd base (no throw)
1-0: SINGLE (Groundball, 34D, EV 100.0 MPH)
Anton Ledogorov to third
Runner from 3rd tries for Home, SAFE, throw by RF to home
Batting: LHB Constantin Gaman 0-0: Ball
1-0: Ball
2-0: Ball
3-0: Base on Balls
Niek Wijnen to second
Batting: LHB Ronan Tanguy 0-0: Called Strike
0-1: SINGLE (Line Drive, 4D, EV 93.8 MPH)
Niek Wijnen to third
Constantin Gaman to second
Batting: LHB Yashar Mammadov 0-0: Ball
1-0: Foul Ball, location: 7LSF
1-1: Called Strike
1-2: Foul Ball, location: 2F
1-2: Ball
2-2: Foul Ball, location: 3DF
2-2: Strikes out looking
Pitching: LHP Asmo Kotiranta
Batting: RHB Epco van Roosendaal 0-0: Fielders Choice at 2nd, 5-4 (Groundball, 56, EV 82.5 MPH)
Top of the 8th over - 1 run, 3 hits, 0 errors, 3 left on base; Manchester 3 - Milan 0
BOTTOM OF THE 8TH
Milan Shamrocks batting - Pitching for Manchester Mets : RHP Rami Karjalainen
Now in LF: Marius Olaroiu
Batting: LHB Vladik Getskin 0-0: Ball
1-0: Ball
2-0: Called Strike
2-1: Swinging Strike
2-2: Foul Ball, location: 7LDF
2-2: Fly out, F4 (Popup, 34S, EV 81.3 MPH)
Batting: LHB Rody Leegwater 0-0: Ball
1-0: SINGLE (Line Drive, 78M, EV 98.8 MPH)
Batting: LHB Immanuil Sapega 0-0: Foul Ball, location: 7LSF
0-1: Ball
1-1: Called Strike
1-2: Ball
2-2: Ball
3-2: Strikes out swinging
Batting: RHB Phillipp Klug 0-0: Foul Ball, location: 9LDF
0-1: Ball
1-1: Ball
2-1: Ball
3-1: Base on Balls
Rody Leegwater to second
Batting: LHB Dionizy Lewandowicz 0-0: Ball
1-0: Swinging Strike
1-1: Foul Ball, location: 9LSFF
1-2: Ball
2-2: 3-RUN HOME RUN (Flyball, 7LD, EV 90.6 MPH), Distance : 326 ft
Pitching: RHP Valter Grimlot
Batting: LHB Joos Miller 0-0: Ball
1-0: Foul Ball, location: 23F
1-1: Ball
2-1: Ball
3-1: Base on Balls
Pinch Hitting: LHB Emeric Albertrani 0-0: Ball
1-0: Ball
2-0: Ball
3-0: Base on Balls
Joos Miller to second
Batting: LHB Vassily Madaev 0-0: Ball
1-0: Called Strike
1-1: Ball
2-1: Swinging Strike
2-2: Strikes out swinging
Bottom of the 8th over - 3 runs, 2 hits, 0 errors, 2 left on base; Manchester 3 - Milan 3
TOP OF THE 9TH
Manchester Mets batting - Pitching for Milan Shamrocks : LHP Asmo Kotiranta
Pitching: LHP Leke Haliti
Now at 2B: Emeric Albertrani
Batting: RHB Samvel Zhirova 0-0: Called Strike
0-1: Ball
1-1: Fly out, F5 (Line Drive, 5, EV 76.3 MPH)
Batting: RHB Lorens Walfridsson 0-0: Ball
1-0: Foul Ball, location: 9LDF
1-1: Ball
2-1: Foul Ball, location: 2F
2-2: Foul Ball, location: 23F
2-2: Ball
3-2: Strikes out swinging, 2-3 out at first.
Batting: RHB Robert Wigursky 0-0: Fly out, F7 (Flyball, 7, EV 87.5 MPH)
Top of the 9th over - 0 runs, 0 hits, 0 errors, 0 left on base; Manchester 3 - Milan 3
BOTTOM OF THE 9TH
Milan Shamrocks batting - Pitching for Manchester Mets : RHP Valter Grimlot
Pitching: RHP Valentin Lavergne
Pinch Hitting: RHB Jordan Rigaud 0-0: Ball
1-0: Swinging Strike
1-1: Ball
2-1: Ball
3-1: SINGLE (Flyball, 8RS, EV 96.9 MPH)
Batting: LHB Vladik Getskin 0-0: Ball
1-0: Swinging Strike
1-1: Ball
2-1: Foul Ball, location: 2F
2-2: Ball
3-2: Fielders Choice at 2nd, 5-4 (Groundball, 5, EV 90.6 MPH)
Batting: LHB Rody Leegwater 0-0: Called Strike
0-1: Ball
1-1: Ball
2-1: SINGLE (Line Drive, 89D, EV 98.1 MPH)
Vladik Getskin to second
Runner from 2nd tries for 3rd, SAFE, throw by CF made to third
Rody Leegwater to second
Batting: LHB Immanuil Sapega 0-0: Fielders Choice at home, 4-2 (Groundball, 4, EV 102.5 MPH)
Rody Leegwater to third
Batting: RHB Phillipp Klug 0-0: Called Strike
0-1: Swinging Strike
0-2: Ball
1-2: Ball
2-2: Fly out, F5 (Line Drive, 5, EV 65.0 MPH)
Bottom of the 9th over - 0 runs, 2 hits, 0 errors, 2 left on base; Manchester 3 - Milan 3
TOP OF THE 10TH
Manchester Mets batting - Pitching for Milan Shamrocks : LHP Leke Haliti
Now at C: Jørn Petersen
Batting: LHB Anton Ledogorov 0-0: Ball
1-0: Ball
2-0: Ball
3-0: Called Strike
3-1: SINGLE (Groundball, 6MS, EV 66.9 MPH) (infield hit)
Batting: RHB Niek Wijnen 0-0: Swinging Strike
0-1: Ball
1-1: Ball
2-1: Grounds into double play, 6-4-3 (Groundball, 6, EV 101.3 MPH)
Pinch Hitting: RHB Yurochka Mirxayan 0-0: DOUBLE (Line Drive, 7LD, EV 100.0 MPH)
Pinch Hitting: RHB Roth Lange 0-0: Intentional Walk
Pitching: RHP Heydar Nizharadze
Batting: LHB Yashar Mammadov 0-0: Ball
1-0: Called Strike
1-1: Ball
2-1: Reached via error on a dropped throw from 1B, E1 (Groundball, 34S, EV 83.8 MPH)
Yurochka Mirxayan to third
Roth Lange to second
Batting: RHB Epco van Roosendaal 0-0: Ground out 1-3 (Groundball, 34S, EV 76.3 MPH)
Top of the 10th over - 0 runs, 2 hits, 1 error, 3 left on base; Manchester 3 - Milan 3
BOTTOM OF THE 10TH
Milan Shamrocks batting - Pitching for Manchester Mets : RHP Valentin Lavergne
Now at 1B: Yurochka Mirxayan
Now in LF: Anton Ledogorov
Now in RF: Manuel Amoruso
Batting: LHB Dionizy Lewandowicz 0-0: Called Strike
0-1: Foul Ball, location: 7LSF
0-2: Ball
1-2: Foul Ball, location: 3SF
1-2: DOUBLE (Flyball, 78D, EV 89.4 MPH)
Batting: LHB Joos Miller 0-0: Bunted foul
0-1: Sac Bunt to 2R - play at first, batter OUT! 2-4
Dionizy Lewandowicz to third
Batting: LHB Emeric Albertrani 0-0: Foul Ball, location: 2F
0-1: Ball
1-1: Fly out, F7 (Flyball, 7, EV 91.3 MPH)
Runner from 3rd tags up, SCORES, no throw by LF
Bottom of the 10th over - 1 run, 1 hit, 0 errors, 0 left on base; Manchester 3 - Milan 4
Wednesday, August 28th , 2024 - OOTP Baseball 25.8 Build 87